 Dungeon Crawl Stone Soup version 0.31-a0-538-gbc85326fa9 (webtiles) character file.

Game seed: 13722816510135271153

276 Zonian the Ruffian (level 6, 0/63 HPs)
             Began as an Octopode Shapeshifter on Aug 13, 2023.
             Slain by an orc
             ... wielding a +0 hand axe
              (5 damage)
             ... on level 4 of the Dungeon.
             The game lasted 00:07:15 (3098 turns).

Zonian the Ruffian (Octopode Shapeshifter)          Turns: 3098, Time: 00:07:15

Health: 0/63       AC: 23    Str: 20    XL:     6   Next: 25%
Magic:  15/15      EV:  2    Int:  9    God:
Gold:   105        SH:  0    Dex: 18    Spells: 5/5 levels left

rFire   . . .        l - +0 dagger (speed)
rCold   . . .        (no shield)
rNeg    + . .        (helmet currently unavailable)
rPois   +            (no amulet)
rElec   +            d - ring of magical power
rCorr   .            q - ring of poison resistance
SInv    .            u - ring of fire
Will    .....        k - ring "Plog" {Ice rElec rN+ Str+4 Dex+2}
Stlth   ++           (no ring)
HPRegen 0.30/turn    (no ring)
MPRegen 0.14/turn    (no ring)
                     (no ring)

%: no passive effects
@: brilliant, tree-form, attractive, invisible
A: stationary, stasis, torment immunity, boosted hp, almost no armour,
(amphibious), 8 rings, (camouflage 1), (gelatinous body 1), (nimble swimmer 1),
(tentacles), (beak), agile 1, deterioration 1
a: no special abilities


You were on level 4 of the Dungeon.
You were a tree.
You visited 1 branch of the dungeon, and saw 4 of its levels.

You collected 105 gold pieces.

Inventory:

Hand Weapons
 l - a +0 dagger of speed (weapon)
Armour
 j - an orb of light
Jewellery
 d - a ring of magical power (left branch)
 k - the ring "Plog" (on tentacle) {Ice rElec rN+ Str+4 Dex+2}
   (You acquired it on level 3 of the Dungeon)

   [ring of ice]

   Ice:       It enhances your ice magic.
   Str+4:     It affects your strength (+4).
   Dex+2:     It affects your dexterity (+2).
   rF-:       It makes you vulnerable to fire.
   rC+:       It protects you from cold.
   rElec:     It insulates you from electricity.
   rN+:       It protects you from negative energy.
 q - a ring of poison resistance (right branch)
 u - a ring of fire (on tentacle)
Talismans
 b - a beast talisman
 c - a flux talisman
Wands
 p - a wand of charming (6)
Scrolls
 n - a scroll of enchant weapon {unknown}
 o - a scroll of revelation {unknown}
 s - a scroll of blinking {unknown}
 t - a scroll of noise {unknown}
 w - a scroll of immolation {unknown}
 x - 2 scrolls of teleportation {unknown}
Potions
 h - a potion of resistance {unknown}
 i - a potion of enlightenment {unknown}
 m - a potion of might {unknown}
 r - a potion of attraction


   Skills:
 + Level 3.0 Fighting
 - Level 3.5 Dodging
 + Level 0.5 Stealth
 + Level 4.2 Unarmed Combat
 + Level 3.8 Shapeshifting


You had 5 spell levels left.
You didn't know any spells.
Your spell library was empty.

Dungeon Overview and Level Annotations

Branches:
Dungeon (4/15)
 Temple: D:4-7

Altars:
Ru
Wu Jian


Innate Abilities, Weirdness & Mutations

You are a tree.
Your roots penetrate the ground, keeping you stationary.
You cannot be teleported.
You are immune to unholy pain and torment.
Your maximum health is greatly increased.
You cannot wear most types of armour.
((You are amphibious.))
You can wear up to eight rings at the same time.
((Your skin changes colour to match your surroundings (Stealth+).))
((Your rubbery body absorbs attacks. (AC +1, EV +1)))
((You are camouflaged when in or above water. (Stealth+)))
((You have tentacles for arms and can constrict up to eight enemies at once.))
((You have a beak for a mouth.))
You are agile. (Dex +4, Str/Int -1)
Your body sometimes deteriorates upon taking damage.


Message History

The magic dart hits you.
* * * LOW HITPOINT WARNING * * *
The orc barely misses you.
Okay, then.
Your transformation has ended.
You turn into a tree.
Your roots penetrate the ground.
The orc barely misses you. Something hits you but does no damage.
The orc hits you but does no damage.
You barely miss something. The orc hits you but does no damage.
Something hits you but does no damage. The orc hits you but does no damage.
You attack the rock wall.
Something hits you but does no damage. The orc hits you but does no damage.
You nearly hit yourself!
You hear some strange, mumbled words.
Something tries to affect you, but you resist.
The orc hits you but does no damage. x2
You attack the rock wall.
You barely miss the orc.
You feel less confused. Something completely misses you.
The orc hits you with a +0 hand axe.
* * * LOW HITPOINT WARNING * * *
The orc barely misses you.
You swing at nothing.
The orc hits you but does no damage.
You hear some strange, mumbled words.
A magic dart appears from out of thin air!
The magic dart hits you but does no damage.
The orc hits you with a +0 club.
* * * LOW HITPOINT WARNING * * *
It was a potion of brilliance.
You feel clever all of a sudden. Something hits you but does no damage.
The orc hits you but does no damage. x2
It was a potion of mutation.
You feel extremely strange.
You feel agile.
You feel yourself wasting away.
Your mouth lengthens and hardens into a beak!
Something hits you but does no damage. The orc hits you but does no damage. x2
It was a potion of attraction.
You feel attractive to monsters. Something hits you but does no damage.
The orc hits you but does no damage. The orc hits you with a +0 hand axe.
You die...

#. ###.....###..
#.###...........#
#.....###........ .
##...## #........ ..#
###..## ##..##....
#..###.....#
#...##....
#.....##....#...##....
#...){####......###...
#####♣o# #...........
#)o# ##.###......
##..# ..# ####... #.#
#..# ##.. .. #.# ...
##.# .### #<.# #.##
....


You could see 2 orcs.

Vanquished Creatures
  An orc priest (D:3)
  Terence (D:3)
  Jessica (D:3)
  2 orc wizards
  5 adders
  A worm (D:2)
  3 dart slugs (D:1)
  5 orcs
  7 bats
  7 endoplasms
  6 giant cockroaches
  5 goblins
  6 hobgoblins
  7 jackals
  6 quokkas
  5 ball pythons
  7 frilled lizards
  6 kobolds
  7 rats
88 creatures vanquished.

Notes
Turn   | Place    | Note
-------+----------+-------------------------------------------
     0 | D:1      | Zonian the Octopode Shapeshifter began the quest for the
                  | Orb.
     0 | D:1      | Reached XP level 1. HP: 13/13 MP: 1/1
   237 | D:1      | Reached XP level 2. HP: 10/18 MP: 2/2
   582 | D:1      | Reached XP level 3. HP: 11/23 MP: 3/3
  1233 | D:2      | Reached XP level 4. HP: 29/29 MP: 4/4
  1850 | D:3      | Noticed Terence
  1861 | D:3      | Killed Terence
  2082 | D:3      | Noticed Jessica
  2088 | D:3      | Killed Jessica
  2089 | D:3      | Reached XP level 5. HP: 23/35 MP: 5/5
  2334 | D:3      | Found a sacrificial altar of Ru.
  2476 | D:3      | Reached skill level 4 in Unarmed Combat
  2675 | D:3      | Reached XP level 6. HP: 41/41 MP: 6/6
  2891 | D:3      | Found an ornate altar of the Wu Jian Council.
  2897 | D:3      | Identified a scroll of acquirement
  2897 | D:3      | Acquired the ring "Plog" {Ice rElec rN+ Str+4 Dex+2}
  3085 | D:4      | HP: 1/42 [orc/+0 hand axe (6)]
  3097 | D:4      | Gained mutation: You are agile. (Dex +4, Str/Int -1)
                  | [potion of mutation]
  3097 | D:4      | Gained mutation: Your body sometimes deteriorates upon
                  | taking damage. [potion of mutation]
  3097 | D:4      | Gained mutation: You have a beak for a mouth. [potion of
                  | mutation]
  3098 | D:4      | Slain by an orc

Illustrated notes

Levels and vault maps discovered:
D:1:      minmay_arrival_solitary_statue, layout_rooms
D:2:      layout_loops_corners, minmay_pentomino_r4
D:3:      layout_rooms, mainiacjoe_overflow_chevrons,
          mainiacjoe_overflow_small_starburst, kennysheep_generic_room_7,
          uniq_jessica, uniq_terence
D:4:      layout_layer_cave, mainiacjoe_overflow_large_starburst, serial_shops,
          nicolae_shop_temple_entry_statues_fountains,
          minmay_misc_feat_more_columns

Skill      XL: |  1  2  3  4  5  6 |
---------------+-------------------+-----
Fighting       | 2 3 |  3.0
Dodging        | 3 |  3.5
Unarmed Combat | 4 |  4.2
Stealth        | |  0.5
Shapeshifting  | |  3.8

Action                     |  1- 3 |  4- 6 || total
---------------------------+-------+-------++-------
  Melee: Unarmed           |    46 |       ||    46
         Constrict         |    16 |    27 ||    43
         Tentacles         |    12 |    29 ||    41
         Punch             |     2 |     2 ||     4
         Dagger            |    15 |   109 ||   124
    Use: Scroll            |       |     3 ||     3
         Potion            |       |     8 ||     8
   Stab: Sleeping          |     1 |     2 ||     3
 Armour: Skin              |     4 |    24 ||    28
  Dodge: Dodged            |    26 |    65 ||    91

Table legend: (Time is in decaauts)
 A = Elapsed time spent in this place.
 B = Non-inter-level travel time spent in this place.
 C = Inter-level travel time spent in this place.
 D = Time resting spent in this place.
 E = Time spent auto-exploring this place.
 F = Levels seen in this place.
 G = Mean time per level.
                   A        B        C        D        E       F      G
               +--------+--------+--------+--------+--------+-----+--------+
         Total |   3050 |   2959 |     91 |    905 |   1447 |   4 |  762.5 |
       Dungeon |   3050 |   2959 |     91 |    905 |   1447 |   4 |  762.5 |
               +--------+--------+--------+--------+--------+-----+--------+

Top non-repeatable levels by time:
     D:3: 1051 daAuts
     D:1: 996 daAuts
     D:2: 835 daAuts
     D:4: 165 daAuts
